AoeStats
← Valeier

Arabia

508087232Analyzed
1v1 RM · 12d ago on Sep 20, 2026· 45m 1s· 2 players
Game mode
Random Map
Map size
Tiny (2 player)
Population
200
Speed
Normal
Resources
Standard
Victory
Conquest
Starting age
Dark Age
Ending age
Imperial Age
RankedLock teamsTeams togetherTeam positionsShared explorationLock speedFull tech treeHidden civsTurbo modeCheats
Victory
Defeat
🇸🇪 Lithuanians · Sweden
1539
+15
🇨🇿 Vietnamese · Czechia
1520
-15
RegiTehT
6:55 Loom
9:30 Feudal Age
9:30 Man-at-Arms
11:47 Double-Bit Axe
15:12 Wheelbarrow
21:14 Castle Age
19:20 Fletching
20:03 Padded Archer Armor
20:20 Gold Mining
20:43 Horse Collar
21:22 Crossbowman
23:26 Bow Saw
23:41 Bodkin Arrow
31:27 Ballistics
36:12 Imperial Age
34:14 Leather Archer Armor
34:00 Scale Mail Armor
34:50 Squires
35:03 Forging
36:18 Chain Mail Armor
36:22 Elite Fire Lancer
38:26 Plate Mail Armor
40:01 Chemistry
40:29 Ring Archer Armor
40:01 Bracer
40:02 Elite Skirmisher
42:07 Ring Archer Armor
42:38 Imperial Skirmisher
43:39 Hand Cart
Valeier
6:12 Loom
9:25 Feudal Age
9:41 Man-at-Arms
10:14 Double-Bit Axe
10:19 Man-at-Arms
11:29 Horse Collar
15:54 Fletching
16:42 Fletching
21:44 Castle Age
21:49 Crossbowman
22:27 Bodkin Arrow
22:44 Bow Saw
22:34 Heavy Plow
24:42 Wheelbarrow
32:44 Imperial Age
29:42 Elite Skirmisher
30:43 Padded Archer Armor
31:10 Ballistics
31:31 Hand Cart
31:36 Gold Mining
32:45 Leather Archer Armor
33:28 Bracer
34:59 Chemistry
34:53 Bloodlines
34:49 Scale Barding Armor
35:44 Ring Archer Armor
36:32 Two-Man Saw
36:40 Crop Rotation
36:51 Chain Barding Armor
37:01 Thumb Ring
38:18 Light Cavalry
38:59 Husbandry
39:15 Forging
40:34 Plate Barding Armor
41:41 Iron Casting
42:21 Tower Shields
42:42 Conscription
44:45 Guilds
43:56 Winged Hussar
46:01 Hoardings
45:28 Hill Forts
45:40 Masonry
Connection lost

Rejoining the realm…

Still unreachable

The connection could not be restored.

Session expired

The server has moved on; the page needs a fresh start.